 Dungeon Crawl Stone Soup version 0.31-a0-1002-g8e65716e6e (webtiles) character file.

Game seed: 12690018346908201918

57 kae the Vexing (level 3, 0/26 HPs)
             Began as a Demonspawn Enchanter on Nov 9, 2023.
             Slain by an orc
             ... wielding a +0 hand axe
              (1 damage)
             ... on level 2 of the Dungeon.
             The game lasted 00:01:02 (1222 turns).

kae the Vexing (Demonspawn Enchanter)               Turns: 1222, Time: 00:01:02

Health: 0/26       AC:  4    Str:  8    XL:     3   Next: 73%
Magic:  1/6        EV: 12    Int: 18    God:
Gold:   28         SH:  0    Dex: 13    Spells: 4/6 levels left

rFire   + . .        a - +1 dagger
rCold   . . .        (no shield)
rNeg    . . .        b - +0 robe
rPois   .            (no helmet)
rElec   .            (no cloak)
rCorr   .            (no gloves)
SInv    .            (no boots)
Will    .....        (no amulet)
Stlth   ++           F - ring of protection from fire
HPRegen 0.24/turn    (no ring)
MPRegen 0.10/turn

%: no passive effects
@: very slightly contaminated, slowed, very slow
A: icy blue scales 1, powered by pain 1
a: no special abilities


You were on level 2 of the Dungeon.
You visited 1 branch of the dungeon, and saw 2 of its levels.

You collected 28 gold pieces.


Innate Abilities, Weirdness & Mutations

You are partially covered in icy blue scales. (AC +2)
You sometimes gain a little power by taking damage.


   Skills:
 + Level 1.2 Fighting
 * Level 1.6 Short Blades
 - Level 1.7 Dodging
 + Level 3.0 Stealth
 + Level 2.2 Spellcasting
 * Level 3.4 Hexes
 * Level 0.6 Ice Magic


You had 4 spell levels left.
You knew the following spells:

 Your Spells              Type           Power      Damage    Failure   Level
a - Ensorcelled Hibernat  Hex/Ice        18%        N/A       12%         2

Your spell library contained the following spells:

 Spells                   Type           Power      Damage    Failure   Level
 Confusing Touch          Hex            14%        N/A       13%         3
 Tukima's Dance           Hex            14%        N/A       13%         3
 Dazzling Flash           Conj/Hex       16%        N/A       26%         3

Inventory:

Hand Weapons
 a - a +1 dagger (weapon)
Missiles
 e - 6 stones
Armour
 b - a +0 robe (worn)
Jewellery
 F - a ring of protection from fire (left hand)
   (You found it on level 1 of the Dungeon)
Potions
 c - 2 potions of invisibility
 d - a potion of curing {unknown}
 f - a potion of berserk rage {unknown}

Dungeon Overview and Level Annotations

Branches:
Dungeon (2/15) Zot: 10781

Altars:

Shops:
D:1 * J...# ....# .h. oo.

#o# ##### #.# ######
#oo.# #.###
#....#####o#.####h..###.
#.##.#..@o.#.ooo.o.......
#..#.#.############...>.#
###..#...# ##..##
#.†..##### .... #.####
##. #..<# #####


You could see 3 orcs.


Message History

Aiming: Ensorcelled Hibernation (safe; 13% risk of failure)
Press: ? - help, Shift-Dir - straight line, f - orc
Aim: an orc, wielding a +0 hand axe (chance to affect: 59%)
The orc looks drowsy... 😮 MP[-2]
You lost 2 mp, and now have 2/6 mp. 😕 HP[+1]
You start resting. 😕 HP[+2] MP[+1]
You regained 2 hp, and now have 22/26 hp.
You start resting. 😕 HP[+3] MP[+2]
You regained 3 hp, and now have 25/26 hp.
You regained 2 mp, and now have 5/6 mp. 😎 HP[+1]
Your hp is fully restored (26).
You start resting. 😎 MP[+1]
Your mp is fully restored (6).
You start waiting.
Natasha is nearby!
Casting: Ensorcelled Hibernation (safe; 13% risk of failure)
Confirm with . or Enter, or press ? or * to list all spells.
Aiming: Ensorcelled Hibernation (safe; 13% risk of failure)
Press: ? - help, Shift-Dir - straight line, f - Natasha
Aim: Natasha (chance to affect: 41%)
You miscast Ensorcelled Hibernation.
You are very lightly contaminated with residual magic.
Nothing appears to happen.
Natasha casts a spell at you. The magic dart hits you.
The orc shouts! 😕 HP[-6] MP[-2]
You take 6 damage, and now have 20/26 hp.
MASSIVE DAMAGE!! (PAUSE)
You lost 2 mp, and now have 4/6 mp.
Casting: Ensorcelled Hibernation (safe; 13% risk of failure)
Confirm with . or Enter, or press ? or * to list all spells.
Aiming: Ensorcelled Hibernation (safe; 13% risk of failure)
Press: ? - help, Shift-Dir - straight line, f/p - Natasha
Aim: Natasha (chance to affect: 41%) Natasha looks drowsy... 😕 MP[-2]
You lost 2 mp, and now have 2/6 mp.
Unknown command.
The helpless Natasha fails to defend herself.
You puncture Natasha!
Natasha howls an incantation.
Natasha's front paws start to glow.
Natasha claws you. 😮 HP[-2]
You take 2 damage, and now have 18/26 hp.
You barely miss Natasha.
The orc shouts!
Natasha mumbles some strange words.
Unknown command.
You hit Natasha. Natasha barely misses you. 😮 HP[+1]
You closely miss Natasha.
The cerulean imp hits you from afar with a +4 spear.
Natasha stares at you and mumbles some strange words.
You feel yourself slow down. 😮 HP[-4]
You take 4 damage, and now have 15/26 hp.
You barely miss Natasha.
The cerulean imp hits you from afar with a +4 spear.
* * * LOW HITPOINT WARNING * * *
Natasha casts a spell at you. The magic dart hits you.
* * * LOW HITPOINT WARNING * * *
The cerulean imp hits you from afar with a +4 spear.
* * * LOW HITPOINT WARNING * * *
Your magical contamination has completely faded away. 😱 HP[-12]
You take 12 damage, and now have 3/26 hp.
MASSIVE DAMAGE!! (PAUSE)
You hit Natasha.
You kill Natasha!
Natasha screams in fury as she dies!
The cerulean imp disappears in a puff of smoke!
Unknown command.
Okay, then.
The orc hits you with a +0 hand axe.
* * * LOW HITPOINT WARNING * * *
😱 HP[-2] MP[+1]
You take 2 damage, and now have 1/26 hp.
Casting: Ensorcelled Hibernation (safe; 12% risk of failure)
Confirm with . or Enter, or press ? or * to list all spells.
Aiming: Ensorcelled Hibernation (safe; 12% risk of failure)
Press: ? - help, Shift-Dir - straight line, f - orc
Aim: an orc, wielding a +0 hand axe (chance to affect: 61%)
You miscast Ensorcelled Hibernation.
You are very lightly contaminated with residual magic.
Nothing appears to happen.
The orc closely misses you. The orc barely misses you. 😱 MP[-2]
You lost 2 mp, and now have 1/6 mp.
Unknown command.
The orc attacks as it pursues you! The orc hits you with a +0 hand axe.
You die...

Skill      XL: |  1  2 |
---------------+-------+-----
Short Blades   | 1 |  1.6
Fighting       | 1 |  1.2
Stealth        | 3 |  3.0
Dodging        | |  1.7
Spellcasting   | |  2.2
Hexes          | |  3.4
Ice Magic      | |  0.6

Action                     || total
---------------------------++-------
  Melee: Dagger            ||   101
         Punch             ||     2
   Cast: Ensorcelled Hiber ||     4
    Use: Scroll            ||     1
   Stab: Sleeping          ||     6
 Armour: Robe              ||    61
  Dodge: Dodged            ||    66

Levels and vault maps discovered:
D:1:      pf_arrival_petrified_forest, layout_loops_corners, serial_shops, shop
D:2:      layout_basic, uniq_natasha

Notes
Turn   | Place    | Note
-------+----------+-------------------------------------------
     0 | D:1      | kae the Demonspawn Enchanter began the quest for the Orb.
     0 | D:1      | Reached XP level 1. HP: 13/13 MP: 3/3
     0 | D:1      | magus.rc [v1.11.3]
   152 | D:1      | Found Winithra's Assorted Antiques.
   157 | D:1      | Reached skill level 1 in Short Blades
   494 | D:1      | Gained mutation: You are partially covered in icy blue
                  | scales. (AC +2) [demonic ancestry]
   494 | D:1      | Reached XP level 2. HP: 9/20 MP: 5/5
   891 | D:1      | Reached skill level 1 in Fighting
   973 | D:1      | Learned a level 2 spell: Ensorcelled Hibernation
  1026 | D:2      | Reached skill level 3 in Stealth
  1026 | D:2      | Gained mutation: You sometimes gain a little power by
                  | taking damage. [demonic ancestry]
  1026 | D:2      | Reached XP level 3. HP: 14/26 MP: 3/6
  1129 | D:2      | Noticed Natasha
  1218 | D:2      | HP: 4/26 [Natasha/magic dart (5)]
  1219 | D:2      | Killed Natasha
  1220 | D:2      | HP: 1/26 [orc/+0 hand axe (3)]
  1222 | D:2      | Slain by an orc

Vanquished Creatures
  Natasha (D:2)
  An adder (D:2)
  An endoplasm (D:1)
  3 giant cockroaches (D:1)
  2 goblins (D:1)
  4 jackals (D:1)
  A quokka (D:1)
  3 ball pythons
  2 bats (D:1)
  3 frilled lizards
  3 rats (D:1)
24 creatures vanquished.

Table legend:
 A = Non-vault XP
 B = Vault XP
 C = Vault XP percentage of total XP
 D = Non-vault monster count
 E = Vault monster count
 F = Vault count percentage of total count
                 A         B        C        D         E       F
            +---------+---------+-------+---------+---------+-------
      Total |      47 |      35 |  42.7 |      23 |       1 |   4.2
            +---------+---------+-------+---------+---------+-------
        D:1 |      31 |       0 |   0.0 |      20 |       0 |   0.0
        D:2 |      16 |      35 |  68.6 |       3 |       1 |  25.0
            +---------+---------+-------+---------+---------+-------

Skill      XL: |  1  2 |
---------------+-------+-----
Short Blades   | 1 |  1.6
Fighting       | 1 |  1.2
Stealth        | 3 |  3.0
Dodging        | |  1.7
Spellcasting   | |  2.2
Hexes          | |  3.4
Ice Magic      | |  0.6

Action                     || total
---------------------------++-------
  Melee: Dagger            ||   101
         Punch             ||     2
   Cast: Ensorcelled Hiber ||     4
    Use: Scroll            ||     1
   Stab: Sleeping          ||     6
 Armour: Robe              ||    61
  Dodge: Dodged            ||    66

Illustrated notes

Table legend:
 A = Kills in this place as a percentage of kills in the entire game.
 B = Kills by you in this place as a percentage of kills by you in the entire game.
 C = Kills by friends in this place as a percentage of kills by friends in the entire game.
 D = Other kills in this place as a percentage of other kills in the entire game.
 E = Experience gained in this place as a percentage of experience gained in the entire game.
 F = Experience gained in this place divided by the number of levels of this place that you have seen.
                   A       B       C       D       E      F
               +-------+-------+-------+-------+-------+----------------------
         Total | 100.0 | 100.0 |   N/A |   N/A | 100.0 |  41.0
       Dungeon | 100.0 | 100.0 |   N/A |   N/A | 100.0 |  41.0
               +-------+-------+-------+-------+-------+----------------------

Table legend: (Time is in decaauts)
 A = Elapsed time spent in this place.
 B = Non-inter-level travel time spent in this place.
 C = Inter-level travel time spent in this place.
 D = Time resting spent in this place.
 E = Time spent auto-exploring this place.
 F = Levels seen in this place.
 G = Mean time per level.
                   A        B        C        D        E       F      G
               +--------+--------+--------+--------+--------+-----+--------+
         Total |   1217 |   1177 |     40 |     96 |    880 |   2 |  608.5 |
       Dungeon |   1217 |   1177 |     40 |     96 |    880 |   2 |  608.5 |
               +--------+--------+--------+--------+--------+-----+--------+

Top non-repeatable levels by time:
     D:1: 1007 daAuts
     D:2: 209 daAuts
